cohdb
Replays
Latest Replays
All Replays
Popular Replays
Top Player Replays
Match Explorer
How It Works
Community
CoH3 Stats
Reddit
Sign in to upload your games and track your stats! →
Sign in with Steam
Match 41768738
Unlisted
Match 41768738
Overview
Messages
Build Orders
End
Selects Italian Coastal Battlegroup
Selects Coastal Reserves
Coastal Reserve
Coastal Reserve
Coastal Reserve
Construct Infanterie Kompanie
Medical Bunker
Infanterie Officer Quarters
MG 42 Bunker
Selects Artillery Officer
Artillery Officer
Construct Panzergrenadier Kompanie
Support Elements
Selects Support Bunkers
Nebelwerfer 42 Rocket Launcher Team
Nebelwerfer 42 Rocket Launcher Team
StuG III G Assault Gun
Selects Rapid Fortifications
Selects Bulwark
Pioneer Squad
Panzergrenadier Officer Quarters
MG 42 Bunker
Medical Bunker
Rapid Fortifications
MG 42 Bunker
Rapid Fortifications
Anti-tank Bunker
Nuclear Viking
Cpt.Nuggets
Skorzeny
Tastyland
Balanced_Gamer
Master_Haski
0
0
Comments
sign in to comment!
No comments posted yet!